 Dungeon Crawl Stone Soup version 0.31-a0-1068-g5939ac1fb6 (webtiles) character file.

Game seed: 8016426905832857197

28 Chiseanne the Trooper (level 3, 29/29 HPs)
             Began as a Demonspawn Wanderer on Nov 24, 2023.
             Quit the game on level 1 of the Dungeon.
             The game lasted 00:00:51 (439 turns).

Chiseanne the Trooper (Demonspawn Wanderer)          Turns: 439, Time: 00:00:52

Health: 29/29      AC:  6    Str: 12    XL:     3   Next: 0%
Magic:  6/6        EV:  6    Int: 14    God:
Gold:   4          SH:  7    Dex: 13    Spells: 5/6 levels left

rFire   . . .        a - +2 falchion
rCold   . . .        f - +0 kite shield
rNeg    . . .        b - +0 scale mail
rPois   .            (no helmet)
rElec   .            (no cloak)
rCorr   .            (no gloves)
SInv    .            (no boots)
Will    .....        (no amulet) Stlth
                     (no ring)
HPRegen 0.24/turn    (no ring)
MPRegen 0.20/turn

%: no passive effects
@: no status effects
A: claws 1, magic regeneration
a: no special abilities


You were on level 1 of the Dungeon.
You visited 1 branch of the dungeon, and saw 1 of its levels.

You collected 4 gold pieces.

Inventory:

Hand Weapons
 a - a +2 falchion (weapon)
Missiles
 d - 4 stones
Armour
 b - a +0 scale mail (worn)
 f - a +0 kite shield (worn)
Scrolls
 c - a scroll of teleportation
Potions
 e - a potion of lignification {unknown}


   Skills:
 * Level 3.4 Fighting
 - Level 1.7 Long Blades
 * Level 1.6 Armour
 * Level 1.1 Dodging
 * Level 0.0 Shields
 - Level 2.0 Spellcasting
 - Level 1.7 Ice Magic


You had 5 spell levels left.
You knew the following spells:

 Your Spells              Type           Power      Damage    Failure   Level
a - Freeze                Ice            24%        1d4       95%         1

Your spell library contained the following spells:

 Spells                   Type           Power      Damage    Failure   Level
 Frozen Ramparts          Ice            12%        1d2       100%        3


Dungeon Overview and Level Annotations

Branches:
Dungeon (1/15)

Altars:


Innate Abilities, Weirdness & Mutations

You have sharp fingernails.
You regenerate magic rapidly.


Message History

No target in view!
No target in view!
No target in view!
No target in view!
No target in view!
No target in view!
No target in view!
No target in view!
No target in view!
No target in view!
No target in view!
No target in view!
No target in view!
You see here a quokka corpse.
A rat comes into view.
You closely miss the rat. The rat bites you.
You hit the rat.
You kill the rat!
No target in view!
No target in view!
No target in view!
No target in view!
No target in view!
No target in view!
No target in view!
No target in view!
No target in view!
No target in view!
No target in view!
No target in view!
You see here a rat corpse.
A bat comes into view.
You hit the bat.
You kill the bat!
You have reached level 3!
Your experience leads to an increase in your attributes!
Increase (s)trength, (i)ntelligence, or (d)exterity?
You feel clever. x2; Your demonic ancestry asserts itself...
Your fingernails lengthen.
Are you sure you want to abandon this character and quit the game? (Confirm with "yes".)

###################
###.............#...
.....†.......##†#.#
###.######...##.@.#
#...# ##.#####.#
....### #.......#
......# #######.#
†...... ># ......#
.# #...### .. #>..#
.. ###.#


There were no monsters in sight!

Vanquished Creatures
  2 endoplasms (D:1)
  A giant cockroach (D:1)
  2 hobgoblins (D:1)
  7 jackals (D:1)
  2 quokkas (D:1)
  3 ball pythons (D:1)
  2 bats (D:1)
  A frilled lizard (D:1)
  3 kobolds (D:1)
  2 rats (D:1)
25 creatures vanquished.

Notes
Turn   | Place    | Note
-------+----------+-------------------------------------------
     0 | D:1      | Chiseanne the Demonspawn Wanderer began the quest for the
                  | Orb.
     0 | D:1      | Chiseanne set off with the following items: a +2 falchion,
                  | a +0 scale mail, a scroll of teleportation; and the
                  | following spell memorised: Freeze; and the following spells
                  | available to memorise: Frozen Ramparts.
     0 | D:1      | Reached XP level 1. HP: 18/18 MP: 3/3
   107 | D:1      | Gained mutation: You regenerate magic rapidly. [demonic
                  | ancestry]
   107 | D:1      | Reached XP level 2. HP: 23/24 MP: 5/5
   169 | D:1      | Reached skill level 1 in Dodging
   439 | D:1      | Gained mutation: You have sharp fingernails. [demonic
                  | ancestry]
   439 | D:1      | Reached XP level 3. HP: 29/29 MP: 6/6
   439 | D:1      | Quit the game

Illustrated notes

Levels and vault maps discovered:
D:1:      roderic_crossed_star, layout_loops_ring

Skill      XL: |  1  2 |
---------------+-------+-----
Dodging        | 1 |  1.1
Fighting       | |  3.4
Long Blades    | |  1.7
Armour         | |  1.6
Spellcasting   | |  2.0
Ice Magic      | |  1.7

Action                     || total
---------------------------++-------
  Melee: Falchion          ||    61
 Armour: Scale mail        ||    40
  Dodge: Dodged            ||    33
  Block: Kite shield       ||     1

Table legend: (Time is in decaauts)
 A = Elapsed time spent in this place.
 B = Non-inter-level travel time spent in this place.
 C = Inter-level travel time spent in this place.
 D = Time resting spent in this place.
 E = Time spent auto-exploring this place.
 F = Levels seen in this place.
 G = Mean time per level.
                   A        B        C        D        E       F      G
               +--------+--------+--------+--------+--------+-----+--------+
         Total |    453 |    453 |      0 |      0 |    316 |   1 |  453.0 |
       Dungeon |    453 |    453 |      0 |      0 |    316 |   1 |  453.0 |
               +--------+--------+--------+--------+--------+-----+--------+

Top non-repeatable levels by time:
     D:1: 453 daAuts
